Map: Lost and Found LE

Players

DCrush

  • Race: Zerg Zerg
  • League: Diamond
  • Spawn Location: 7:00

Dauntless - Winner!

  • Race: Protoss Protoss
  • Spawn Location: 1:00

VOD

Have the link to the VOD?

Description

Time

  • Played on: Sept. 29, 2018, 5 p.m.
  • Length: 4:25
Show
View Real Time Build Order
Export as new Build Order

DCrush Zerg 

Build Orders: Hatch First 

Get SALT Encoding   

  12  0:03  Drone  
  13  0:12  Overlord  
  13  0:16  Drone  
  14  0:31  Drone x2  
  16  0:35  Drone  
  17  0:52  Hatchery  
  17  0:54  Drone  
  17  1:09  Spawning Pool  
  17  1:11  Drone  
  17  1:13  Drone  
  19  1:18  Drone  
  19  1:29  Drone  
  20  1:47  Hatchery, Overlord  
  20  1:53  Extractor  
  20  1:54  Drone  
  19  1:58  Queen  
  21  2:07  Drone  
  22  2:29  Drone x5  
  27  2:41  Zergling x4  
  29  3:05  Drone x4  
  32  3:13  Zergling x8  
  25  3:37  Zergling x6  
  25  3:38  Zergling x2  
  16  3:45  Zergling x2  
Show
View Real Time Build Order
Export as new Build Order

Dauntless Protoss - Winner!

Build Orders:  

Get SALT Encoding   

  12  0:01  Probe  
  13  0:13  Probe  
  14  0:17  Pylon  
  14  0:25  Probe  
  15  0:37  Probe  
  16  0:45  Gateway  
  16  0:47  Gateway  
  16  0:55  Pylon  
  16  0:58  Probe  
  17  1:10  Probe  
  18  1:22  Probe  
  19  1:36  Zealot x2  
  23  1:42  Pylon  
  23  1:53  Nexus  
  23  1:55  Zealot x2  
  27  2:13  Pylon  
  27  2:17  Zealot  
  27  2:21  Zealot  
  31  2:26  Probe  
  31  2:38  Probe, Zealot  
  34  2:50  Probe  
  35  3:13  Zealot x2  
  32  3:40  Probe, Zealot x2  
Tags
 
Add a new tag
Caveats
  • Supply blocks, unpowered buildings, or Contaminate may cause inaccurate times.
  • Supply counts are checked every 10 seconds.